AoeStats
← mengb65

Coastal Forest

510427994Analyzed
4v4 RM · 19h ago on Oct 1, 2026· 59m 48s· 8 players
Game mode
Random Map
Map size
Large (8 player)
Population
200
Speed
Normal
Resources
Standard
Victory
Conquest
Starting age
Dark Age
Ending age
Imperial Age
RankedLock teamsTeams togetherTeam positionsShared explorationLock speedFull tech treeHidden civsTurbo modeCheats
Victory
Defeat
🇨🇳 Cumans · China
987
+15
🇦🇷 Dravidians · Argentina
967
+16
🇹🇼 Spanish · Taiwan
956
+17
🇨🇳 Italians · China
928
+18
🇺🇸 Magyars · United States
1031
-20
🇧🇷 Cumans · Brazil
994
-17
🇲🇽 Ethiopians · Mexico
935
-15
🇳🇱 Gurjaras · Netherlands
914
-14
2026
0:30 Loom
10:55 Feudal Age
13:37 Town Watch
19:57 Castle Age
18:26 Horse Collar
23:24 Light Cavalry
24:58 Bloodlines
25:48 Fletching
38:18 Imperial Age
37:08 Ballistics
37:25 Bodkin Arrow
38:39 Murder Holes
41:08 Wheelbarrow
40:24 Elite Steppe Lancer
42:39 Light Cavalry
47:31 Forging
48:01 Scale Barding Armor
50:21 Iron Casting
50:06 Double-Bit Axe
50:44 Chain Barding Armor
52:44 Blast Furnace
53:33 Plate Barding Armor
56:25 Heavy Plow
57:03 Hussar
58:08 Bow Saw
58:12 Stone Mining
58:58 Gold Mining
59:27 Hand Cart
60:15 Gold Shaft Mining
59:46 Town Patrol
vloker1
13:24 Feudal Age
12:41 Loom
13:56 Double-Bit Axe
13:54 Horse Collar
16:56 Fishing Lines
18:02 Fletching
18:12 Padded Archer Armor
21:44 Castle Age
22:25 Heavy Plow
22:37 Bow Saw
26:12 Leather Archer Armor
25:52 Bodkin Arrow
26:29 Gold Mining
28:24 Thumb Ring
30:41 Ballistics
31:04 Wheelbarrow
34:32 Imperial Age
34:29 Hand Cart
34:36 Elite Elephant Archer
35:41 Conscription
35:28 Medical Corps
36:28 Chemistry
35:38 Gillnets
37:55 Two-Man Saw
37:14 Masonry
39:30 Ring Archer Armor
39:00 Bracer
50:32 Fortified Wall
50:18 Murder Holes
495556203
0:27 Loom
11:42 Feudal Age
13:00 Wheelbarrow
12:07 Horse Collar
12:15 Double-Bit Axe
12:42 Gold Mining
12:48 Town Watch
13:34 Stone Mining
19:40 Castle Age
19:20 Forging
19:17 Scale Barding Armor
20:47 Hand Cart
20:35 Heavy Plow
22:07 Bow Saw
22:57 Stone Shaft Mining
23:28 Fletching
23:43 Padded Archer Armor
32:56 Imperial Age
30:30 Bodkin Arrow
30:51 Leather Archer Armor
31:38 Town Patrol
32:20 Light Cavalry
33:11 Bloodlines
33:02 Husbandry
33:24 Chain Barding Armor
33:05 Scale Mail Armor
33:40 Iron Casting
34:46 Two-Man Saw
34:23 Crop Rotation
33:59 Bracer
34:29 Ring Archer Armor
37:15 Squires
36:37 Hussar
39:19 Chemistry
38:40 Ballistics
38:15 Murder Holes
39:52 Blast Furnace
39:28 Plate Barding Armor
39:08 Chain Mail Armor
40:51 Pirotechnia
43:29 Elite Genoese Crossbowman
53:09 Plate Mail Armor
mengb65
8:25 Loom
11:28 Feudal Age
13:04 Double-Bit Axe
14:05 Horse Collar
21:35 Castle Age
28:55 Town Watch
36:30 Gold Mining
37:24 Wheelbarrow
45:40 Bow Saw
48:20 Heavy Plow
50:16 Husbandry
50:27 Bloodlines
53:10 Imperial Age
53:17 Imperial Age
54:37 Scale Barding Armor
55:16 Forging
55:27 Cavalier
56:31 Chain Barding Armor
58:01 Iron Casting
58:03 Plate Barding Armor
59:00 Paladin
60:43 Blast Furnace
Lo Elo Dummy
6:10 Loom
9:57 Feudal Age
19:35 Castle Age
18:17 Double-Bit Axe
18:13 Horse Collar
22:47 Scale Barding Armor
23:55 Chain Barding Armor
25:05 Wheelbarrow
24:34 Husbandry
28:47 Stone Mining
31:04 Bloodlines
31:51 Heavy Plow
37:46 Imperial Age
35:58 Elite Skirmisher
37:13 Padded Archer Armor
37:04 Fletching
38:11 Gold Mining
39:29 Cavalier
40:31 Bow Saw
41:27 Plate Barding Armor
42:06 Thumb Ring
42:54 Bodkin Arrow
43:15 Leather Archer Armor
52:59 Gold Shaft Mining
59:50 Corvinian Army
rafaguila
6:30 Loom
9:01 Feudal Age
10:35 Double-Bit Axe
14:42 Padded Archer Armor
14:34 Fletching
16:33 Padded Archer Armor
22:15 Castle Age
23:26 Crossbowman
25:53 Bodkin Arrow
26:42 Leather Archer Armor
27:23 Bow Saw
27:30 Horse Collar
28:41 Gold Mining
31:09 Thumb Ring
34:47 Wheelbarrow
42:16 Gold Shaft Mining
42:03 Elite Skirmisher
46:39 Imperial Age
46:43 Arbalester
47:52 Hand Cart
49:57 Ballistics
50:37 Bracer
55:24 Two-Man Saw
56:10 Stone Mining
59:21 Ring Archer Armor
59:52 Chemistry
Reblieble
0:31 Loom
13:55 Feudal Age
15:17 Wheelbarrow
15:30 Horse Collar
21:34 Castle Age
21:17 Forging
21:07 Scale Mail Armor
22:55 Hand Cart
23:09 Hand Cart
23:37 Iron Casting
22:55 Arson
24:08 Gold Mining
27:42 Heavy Plow
33:26 Caravan
37:18 Imperial Age
35:38 Kshatriyas
35:36 Scale Mail Armor
38:23 Gold Shaft Mining
37:41 Double-Bit Axe
38:30 Crop Rotation
37:26 Elite Chakram Thrower
38:27 Conscription
38:34 Ballistics
38:58 Chain Mail Armor
42:04 Plate Mail Armor
41:44 Thumb Ring
41:51 Thumb Ring
44:57 Coinage
44:41 Fortified Wall
Hvala
9:17 Loom
12:10 Feudal Age
16:49 Town Watch
19:14 Castle Age
18:32 Double-Bit Axe
21:11 Fishing Lines
22:25 Horse Collar
25:28 Bow Saw
26:57 Fletching
29:11 Bodkin Arrow
33:19 Imperial Age
32:47 Forging
32:42 Scale Barding Armor
32:49 Bloodlines
34:05 Iron Casting
35:21 Chain Barding Armor
34:29 Cavalier
36:44 Two-Man Saw
36:30 Fervor
36:51 Gold Mining
38:10 Wheelbarrow
37:35 Town Patrol
38:33 Heavy Plow
39:45 Gold Shaft Mining
42:30 Padded Archer Armor
42:52 Ballistics
43:33 Chemistry
46:13 Blast Furnace
45:52 Plate Barding Armor
47:57 Paladin
50:11 Steppe Husbandry
51:29 Hand Cart
51:51 Conscription
54:34 Murder Holes
54:50 Masonry
Connection lost

Rejoining the realm…

Still unreachable

The connection could not be restored.

Session expired

The server has moved on; the page needs a fresh start.